 Dungeon Crawl Stone Soup version 0.28.0-1-gb440e238dd (webtiles) character file.

Game seed: 9647039239622879949

32 issech the Cudgeller (level 3, 0/36 HPs)
             Began as a Troll Monk on Feb 20, 2022.
             Slain by an ogre (27 damage)
             ... in the Ecumenical Temple.
             The game lasted 00:05:31 (1123 turns).

issech the Cudgeller (Troll Monk)                   Turns: 1123, Time: 00:05:32

Health: 0/36       AC:  4    Str: 19    XL:     3   Next: 10%
Magic:  2/2        EV: 10    Int:  6    God:
Gold:   36         SH:  0    Dex: 14    Spells: 2/2 levels left

rFire   . . .      SeeInvis .   a - +0 mace
rCold   . . .      Faith    .   (no shield)
rNeg    . . .      Spirit   .   b - +0 robe
rPois   .          Reflect  .   (helmet restricted)
rElec   .          Harm     .   (no cloak)
rCorr   .          Rampage  .   (gloves unavailable)
Will    .....                   (boots unavailable)
Stlth   ++........              g - amulet of the acrobat
HPRegen 0.92/turn               (no ring)
MPRegen 0.08/turn               (no ring)

@: no status effects
A: large, unfitting armour, claws 3, regeneration 1, shaggy fur 1, tough skin 1
a: no special abilities


You were in the Ecumenical Temple.
You visited 2 branches of the dungeon, and saw 4 of its levels.

You collected 36 gold pieces.

Inventory:

Hand Weapons
 a - a +0 mace (weapon)
Missiles
 d - 18 bolts
 f - 33 stones (quivered)
Armour
 b - a +0 robe (worn)
Jewellery
 g - an amulet of the acrobat (around neck)
 h - an amulet of magic regeneration
Wands
 i - a wand of polymorph (14)
Scrolls
 c - a scroll of fog {unknown}
 e - a scroll of amnesia {unknown}


   Skills:
 + Level 2.7 Fighting
 + Level 3.1 Maces & Flails
 + Level 2.9 Dodging
 + Level 1.1 Stealth


You had 2 spell levels left.
You didn't know any spells.
Your spell library contained the following spells:

 Spells                   Type           Power      Damage    Failure   Level
 Ensorcelled Hibernation  Hex/Ice        0%         N/A       58%         2
 Passwall                 Tmut/Erth      0%         N/A       58%         2
 Swiftness                Air            0%         N/A       83%         3


Dungeon Overview and Level Annotations

Branches:
Dungeon (4/15)             Temple (1/1) D:4

Altars:
Dithmenos
Fedhas
Hepliaklqana
Nemelex Xobeh
Qazlal
Sif Muna
Xom
The Shining One


Innate Abilities, Weirdness & Mutations

You are too large for most types of armour.
You have claws for hands.
Your natural rate of healing is unusually fast.
You are covered in fur. (AC +1)
You have tough skin. (AC +1)


Message History

The shaft crumbles and collapses.
Found a blackened bronze wand.
Found an escape hatch in the floor.
i - a wand of polymorph (14)
A goblin comes into view. It is wielding a +0 club.
Found a staircase to the Ecumenical Temple.
Found a stone staircase leading up.
Found 23 sling bullets.
The goblin shouts!
You hear a shout!
You hear an angry hiss.
The goblin completely misses you.
An ogre comes into view. It is wielding a +0 giant club.
The ogre shouts!
The goblin hits you with a +0 club.
You hit the goblin.
You kill the goblin!
An adder comes into view.
You see here a +0 club.
You see here 23 sling bullets.
There is a stone staircase leading up here.
Found a pair of runed gloves.
There is a staircase to the Ecumenical Temple here.
The ogre closely misses you.
You climb downwards.
Welcome to the Ecumenical Temple!
Found a blossoming altar of Fedhas and a stormy altar of Qazlal.
There is a staircase back to the Dungeon here.
Found four altars.
Found a shimmering altar of Xom.
Found a shimmering blue altar of Sif Muna.
There is a hazy altar of Hepliaklqana here.
You hit the ogre.
The ogre is lightly wounded.
The ogre hits you with a +0 giant club!
You hit the ogre.
The ogre is lightly wounded.
The ogre barely misses you.
You hit the ogre.
The ogre is moderately wounded.
The ogre hits you with a +0 giant club!!
Ouch! That really hurt!
You die...

......... .........
#######.....
..###.....##....
....#.......##.
..............#
...............#
.._._....._.@...#
............O...#
................###
....................
....................
....................
................_...
....................
.................._.


You could see an ogre.

Vanquished Creatures
  3 bats (D:1)
  2 endoplasms (D:1)
  A giant cockroach (D:1)
  3 goblins
  4 hobgoblins (D:1)
  A jackal (D:1)
  4 quokkas (D:1)
  5 ball pythons (D:1)
  2 frilled lizards (D:1)
  A kobold (D:1)
  2 rats (D:1)
28 creatures vanquished.

Notes
Turn   | Place    | Note
-------+----------+-------------------------------------------
     0 | D:1      | issech the Troll Monk began the quest for the Orb.
     0 | D:1      | Reached XP level 1. HP: 22/22 MP: 0/0
   157 | D:1      | Reached XP level 2. HP: 29/29 MP: 1/1
   177 | D:1      | Found a faded altar of an unknown god.
   342 | D:1      | Reached skill level 3 in Maces & Flails
   720 | D:1      | Noticed an ogre
   720 | D:1      | Noticed an ogre
   720 | D:1      | Noticed an ogre
   730 | D:1      | Reached XP level 3. HP: 33/36 MP: 2/2
   739 | D:1      | Noticed an ogre
  1073 | D:2      | You fall into a shaft and drop 2 floors!
  1090 | D:4      | Found a staircase to the Ecumenical Temple.
  1093 | D:4      | Noticed an ogre
  1111 | Temple   | Entered the Ecumenical Temple
  1123 | Temple   | Slain by an ogre

Illustrated notes

Levels and vault maps discovered:
D:1:      erik_arrival_cave_to_civilisation [erik_arrival_cave_to_temple],
          layout_basic, dreamdust_ecumenical_altar_angels_and_demons,
          chequers_serial_rivers_room_b
D:2:      layout_rooms
D:4:      layout_loops_ring, temple_statues
Temple:   nicolae_temple_great_sept

Skill      XL: |  1  2 |
---------------+-------+-----
Maces & Flails | 3 |  3.1
Fighting       | |  2.7
Dodging        | |  2.9
Stealth        | |  1.1

Action                   || total
-------------------------++-------
Melee: Mace              ||    72
       Punch             ||     5
 Stab: Sleeping          ||     2
Armor: Robe              ||    49
Dodge: Dodged            ||    65
